 Dungeon Crawl Stone Soup version 0.26.1-11-gd32895ea62 (webtiles) character file.

Game seed: 3415245958775035413

9762 Ijustatesigmund the Basher (level 11, -3/80 HPs)
             Began as an Octopode Fighter on July 13, 2021.
             Was an Elder of Cheibriados.
             Slain by an acid dragon (6 damage)
             ... on level 12 of the Dungeon.
             The game lasted 00:20:22 (12068 turns).

Ijustatesigmund the Basher (Octopode Fighter)      Turns: 12068, Time: 00:20:23

Health: -3/80      AC:  3    Str: 31      XL:     11   Next: 51%
Magic:  17/17      EV: 18    Int: 22      God:    Cheibriados [****..]
Gold:   583        SH: 13    Dex: 29 (30) Spells: 9/10 levels left

rFire    . . .     SeeInvis +   d - +8 mace "Wigeziug" {flame, SInv Stlth+}
rCold    + + .     Faith    .   b - +0 kite shield
rNeg     . . .     Spirit   .   (helmet restricted)
rPois    +         Reflect  .   (no amulet)
rElec    .         Harm     .   h - +6 ring of strength
rCorr    .         Rampage  .   j - ring of protection from cold
Will     .....                  l - ring of protection from cold
Stlth    +++++++...             s - +6 ring of dexterity
HPRegen  0.23/turn              F - ring of stealth
MPRegen  0.15/turn              (no ring)
                                (no ring)
                                (no ring)

@: very slow
A: almost no armour, stealthy swim, amphibious, 8 rings, constrict 8, thin
metallic scales 1, camouflage 1, poison resistance, gelatinous body 1
a: Renounce Religion, Bend Time, Temporal Distortion, Slouch


You were on level 12 of the Dungeon.
You worshipped Cheibriados.
Cheibriados was greatly pleased with you.
You visited 2 branches of the dungeon, and saw 13 of its levels.
You also visited: Sewer.

You collected 583 gold pieces.

Inventory:

Hand Weapons
 a - a +5 flail of freezing
 d - the +8 mace "Wigeziug" (weapon) {flame, SInv Stlth+}
   (You found it on level 9 of the Dungeon)

   It has been specially enchanted to burn those struck by it, causing extra
   injury to most foes and up to half again as much damage against particularly
   susceptible opponents.
   It lets you see invisible.
   It makes you more stealthy.
Missiles
 f - 64 poisoned darts (quivered)
 o - 2 throwing nets
Armour
 b - a +0 kite shield (worn)
Jewellery
 h - a +6 ring of strength (left tentacle)
 j - a ring of protection from cold (right tentacle)
 l - a ring of protection from cold (on tentacle)
 s - a +6 ring of dexterity (on tentacle)
 y - an uncursed amulet of magic regeneration {unknown}
 F - a ring of stealth (on tentacle)
Wands
 i - a wand of acid (10)
 k - a wand of iceblast (8)
 D - a wand of polymorph (20)
Scrolls
 m - 2 scrolls of fog
 q - 8 scrolls of remove curse
 r - 2 scrolls of magic mapping
 A - a scroll of enchant armour {unknown}
 E - 2 scrolls of torment
 G - a scroll of enchant weapon
Potions
 c - 3 potions of might
 e - 9 potions of curing
 g - 2 potions of magic
 n - 3 potions of brilliance
 p - 2 potions of heal wounds
 t - 2 potions of ambrosia
 u - 2 potions of mutation
 v - a potion of cancellation
 w - 2 potions of attraction {unknown}
 x - a potion of lignification {unknown}
 B - a potion of flight {unknown}
 C - 2 potions of degeneration {unknown}


   Skills:
 + Level 9.1 Fighting
 + Level 9.6 Maces & Flails
 + Level 6.1 Dodging
 + Level 6.7 Stealth
 - Level 7.1 Shields
 + Level 8.0 Invocations
 - Level 2.6 Evocations


You had 9 spell levels left.
You knew the following spells:

 Your Spells              Type           Power        Failure   Level
a - Apportation           Tloc           0%           41%         1

Your spell library contained the following spells:

 Spells                   Type           Power        Failure   Level
 Animate Skeleton         Necr           0%           41%         1
 Corona                   Hex            0%           41%         1
 Summon Small Mammal      Summ           0%           41%         1
 Ensorcelled Hibernation  Hex/Ice        0%           56%         2
 Confusing Touch          Hex            0%           80%         3
 Dazzling Flash           Conj/Hex       0%           80%         3
 Tukima's Dance           Hex            0%           80%         3


Dungeon Overview and Level Annotations

Branches:
Dungeon (12/15)            Temple (1/1) D:6            Lair (0/6) D:11
  Sewer (visited)
    Orc: D:9-12

Altars:
Ashenzari
Cheibriados
Dithmenos
Elyvilon
Fedhas
Gozag
Hepliaklqana
Kikubaaqudgha
Makhleb
Nemelex Xobeh
Okawaru
Qazlal
Ru
Sif Muna
Trog
Uskayaw
Vehumet
Wu Jian
Xom
Yredelemnul
Zin
The Shining One

Annotations:
D:11 Nergalle, Sonja


Innate Abilities, Weirdness & Mutations

You cannot wear most types of armour.
You are very stealthy in the water. (Stealth+)
You are amphibious.
You can wear up to eight rings at the same time.
You can use your tentacles to constrict eight enemies at once.
Your skin changes colour to match your surroundings (Stealth+).
Your rubbery body absorbs attacks. (AC +1, EV +1)
You are partially covered in thin metallic scales. (AC +2)
Your system is resistant to poisons. (rPois)


Message History

You thump the acid dragon! You burn the acid dragon.
The acid dragon is heavily wounded.
You hear an angry hiss.
A basilisk comes into view.
The acid dragon misses you. You block the acid dragon's attack.
You sock the acid dragon! You burn the acid dragon.
The acid dragon is severely wounded.
The acid dragon spits acid at you. The splash of acid hits you!
You are splashed with acid!
* * * LOW HITPOINT WARNING * * *
You closely miss the acid dragon. Your squeeze misses the acid dragon.
The acid dragon is severely wounded.
The acid dragon bites you!
* * * LOW HITPOINT WARNING * * *
The acid dragon claws you.
* * * LOW HITPOINT WARNING * * *
You closely miss the acid dragon. You squeeze the acid dragon.
The acid dragon is almost dead.
The acid dragon bites you.
You die...

#..........# .
########'### .. #.# ..
##.# ##.# #..#
######...### #.##
#..........# #####.##
#..........#
#......#####..........#
#......##.@DW.........#
#......##.##l.........#
#.........##..........+
#......#####..........#
#......# #>.........#
#....... ..##+#######
#..###### ##.# ##.
..... #.# #. .###.


You could see a basilisk, a wraith and an acid dragon.

Vanquished Creatures
  Erolcha (D:10)
  Erica (D:11)
  A two-headed ogre (D:11)
  An unseen horror (D:11)
  An ugly thing (D:12)
  A gargoyle (D:10)
  A wyvern (D:9)
  5 yaks (D:8)
  A basilisk (D:8)
  Menkaure (D:4)
  3 water moccasins
  7 sky beasts
  2 eyes of draining
  3 orc warriors
  5 black bears
  7 ogres
  5 centaurs
  6 bullfrogs
  A gnoll sergeant (D:8)
  A water moccasin zombie (D:9)
  5 scorpions
  A water moccasin skeleton (D:4)
  6 killer bees
  8 wights
  4 howler monkeys
  2 bullfrog zombies
  2 bullfrog skeletons
  3 jellies
  8 orc wizards
  3 quasits
  2 orc priests
  Terence (D:2)
  An iguana (D:5)
  4 worker ants
  A worker ant zombie (D:6)
  8 gnolls
  A river rat (D:3)
  10 adders
  2 shadow imps
  2 white imps
  3 ufetubi
  An ooze (D:3)
  3 adder zombies
  3 worms
  3 dart slugs
  6 leopard geckos
  22 orcs
  7 ball pythons
  7 giant cockroaches
  9 hobgoblins
  19 jackals
  3 quokkas
  8 bats
  9 frilled lizards
  10 goblins
  8 kobolds
  A leopard gecko skeleton (D:7)
  9 rats
259 creatures vanquished.

Vanquished Creatures (others)
  30 fungi (D:11)
  49 plants
79 creatures vanquished.

Grand Total: 338 creatures vanquished

Notes
Turn   | Place    | Note
-------+----------+-------------------------------------------
     0 | D:1      | Ijustatesigmund the Octopode Fighter began the quest for
                  | the Orb.
     0 | D:1      | Reached XP level 1. HP: 16/16 MP: 1/1
   131 | D:1      | Reached XP level 2. HP: 21/21 MP: 2/2
   381 | D:1      | Reached XP level 3. HP: 21/26 MP: 3/3
  1344 | D:2      | Reached XP level 4. HP: 32/32 MP: 4/4
  1935 | D:2      | Found a shimmering blue altar of Sif Muna.
  2011 | D:2      | Noticed Terence
  2019 | D:2      | Killed Terence
  2099 | D:3      | Found a radiant altar of Vehumet.
  2112 | D:3      | Reached XP level 5. HP: 33/37 MP: 5/5
  2116 | D:3      | Gained mutation: You are frail. (-10% HP) [potion of
                  | mutation]
  2116 | D:3      | Gained mutation: Your muscles are strong. (Str +2) [potion
                  | of mutation]
  2187 | D:3      | Found a glowing drain.
  2226 | Sewer    | Entered a sewer
  2978 | Sewer    | Reached skill level 5 in Maces & Flails
  3138 | D:3      | Reached XP level 6. HP: 35/39 MP: 6/6
  3433 | D:3      | Found a white marble altar of Elyvilon.
  3653 | D:3      | Found a basalt altar of Yredelemnul.
  4179 | D:4      | Noticed Menkaure
  4182 | D:4      | Killed Menkaure
  4183 | D:4      | Reached skill level 1 in Stealth
  4183 | D:4      | Reached skill level 1 in Evocations
  4183 | D:4      | Reached XP level 7. HP: 44/44 MP: 7/7
  4391 | D:5      | Entered Level 5 of the Dungeon
  4478 | D:5      | Learned a level 1 spell: Apportation
  4508 | D:5      | Reached skill level 5 in Fighting
  4792 | D:5      | Lost mutation: Your muscles are strong. (Str +2) [potion of
                  | mutation]
  4792 | D:5      | Lost mutation: You are frail. (-10% HP) [potion of
                  | mutation]
  4792 | D:5      | Gained mutation: You are partially covered in thin metallic
                  | scales. (AC +2) [potion of mutation]
  4792 | D:5      | Gained mutation: Your magical capacity is low. (-10% MP)
                  | [potion of mutation]
  4792 | D:5      | Gained mutation: Your system is resistant to poisons.
                  | (rPois) [potion of mutation]
  4792 | D:5      | Lost mutation: Your magical capacity is low. (-10% MP)
                  | [potion of mutation]
  5168 | D:5      | Found a sparkling altar of Nemelex Xobeh.
  5339 | D:6      | Reached XP level 8. HP: 55/55 MP: 8/8
  5355 | D:6      | Found a staircase to the Ecumenical Temple.
  5378 | Temple   | Entered the Ecumenical Temple
  5700 | Temple   | Became a worshipper of Cheibriados the Contemplative
  5744 | D:6      | Found a broken altar of Ashenzari.
  5780 | D:6      | Reached skill level 1 in Invocations
  5959 | D:6      | Found a blossoming altar of Fedhas.
  6067 | D:6      | Reached * piety under Cheibriados
  6138 | D:6      | Reached skill level 5 in Shields
  6287 | D:6      | Found a broken altar of Ashenzari.
  6444 | D:7      | Reached XP level 9. HP: 59/62 MP: 11/11
  6458 | D:7      | Reached ** piety under Cheibriados
  7052 | D:7      | Found a shimmering altar of Xom.
  7671 | D:8      | Reached *** piety under Cheibriados
  7847 | D:8      | Reached skill level 5 in Invocations
  8489 | D:8      | Reached XP level 10. HP: 32/71 MP: 14/14
  9701 | D:9      | Reached **** piety under Cheibriados
  9793 | D:9      | Found a blossoming altar of Fedhas.
  9911 | D:9      | Noticed a two-headed ogre
 10115 | D:9      | Got an encrusted mace
 10117 | D:9      | Identified the +8 mace "Wigeziug" {flame, SInv Stlth+} (You
                  | found it on level 9 of the Dungeon)
 10298 | D:10     | Entered Level 10 of the Dungeon
 10638 | D:10     | Noticed Erolcha
 10643 | D:10     | Noticed a gargoyle
 10650 | D:10     | Killed Erolcha
 10651 | D:10     | Reached skill level 5 in Dodging
 10654 | D:10     | Killed a gargoyle
 10655 | D:10     | Reached skill level 5 in Stealth
 10655 | D:10     | Reached XP level 11. HP: 72/78 MP: 16/16
 11376 | D:11     | Noticed a two-headed ogre
 11387 | D:11     | Killed a two-headed ogre
 11516 | D:11     | Noticed an unseen horror
 11525 | D:11     | Killed an unseen horror
 11559 | D:11     | Found a staircase to the Lair.
 11668 | D:11     | Noticed Erica
 11678 | D:11     | Killed Erica
 11725 | D:11     | Noticed Nergalle
 11727 | D:11     | Noticed an eight-headed hydra
 11730 | D:11     | Noticed Sonja
 12022 | D:12     | Noticed a six-headed hydra
 12046 | D:12     | Noticed a cyan ugly thing
 12059 | D:12     | Killed a cyan ugly thing
 12067 | D:12     | HP: 3/80 [acid dragon (3)]
 12068 | D:12     | Slain by an acid dragon

Illustrated notes

Levels and vault maps discovered:
D:1:      onia_arrival_mini_maze, layout_basic
D:2:      minmay_chambers_of_ones, layout_loops_ring, led_sif_pool,
          kennysheep_generic_room_8, uniq_terence
D:3:      layout_rooms, kennysheep_ying_yang, fiery_altar_vehumet,
          portal_sewer_entry_b
D:4:      layout_cave_pools, minivault_25, uniq_menkaure
D:5:      layout_basic, amcnicky_altar_gilded
D:6:      layout_rooms, kennysheep_mini, old_standard_altar,
          minmay_temple_entry_hall, basic_altar
D:7:      layout_rooms, xom_butterflies
D:8:      layout_loops_cross
D:9:      layout_loops_ring, basic_altar, lightli_corner_chamber
D:10:     layout_basic, uniq_erolcha
D:11:     layout_basic, due_lair_maze_entry_diamond, serial_shops, shop,
          minmay_misc_feat_plants, uniq_nergalle, uniq_erica, uniq_sonja
D:12:     layout_roguey, orc_0_dummy, basic_altar, gammafunk_ghost_split
Temple:   regret_index_temple_generic_petals

Skill      XL: |  1  2  3  4  5  6  7  8  9 10 11 |
---------------+----------------------------------+-----
Maces & Flails | 3 4 5 6 8 9 |  9.6
Fighting       | 4 5 6 7 8 9 |  9.1
Stealth        | 1 3 5 6 |  6.7
Evocations     | 1 2 |  2.6
Dodging        | 4 5 6 |  6.1
Shields        | 5 6 7 |  7.1
Invocations    | 3 5 7 8 |  8.0

Action                   |  1- 3 |  4- 6 |  7- 9 | 10-12 || total
-------------------------+-------+-------+-------+-------++-------
Melee: Flail             |    69 |   118 |   207 |    44 ||   438
       Constrict         |    19 |    33 |    53 |    20 ||   125
       Tentacles         |     7 |    31 |    79 |    45 ||   162
       Mace              |       |       |       |    73 ||    73
Throw: Dart              |       |     6 |     7 |     1 ||    14
 Cast: Apportation       |       |       |       |     1 ||     1
Invok: Bend Time         |       |       |     1 |       ||     1
Evoke: Wand              |       |       |     1 |     6 ||     7
  Use: Scroll            |       |    12 |     4 |    11 ||    27
       Potion            |       |     3 |     4 |     1 ||     8
 Stab: Sleeping          |     6 |     8 |    10 |    12 ||    36
       Distracted        |       |       |     2 |     2 ||     4
Armor: Skin              |     5 |     3 |    21 |    14 ||    43
Dodge: Dodged            |    25 |    50 |   110 |    75 ||   260
Block: Kite shield       |    28 |    67 |   135 |    84 ||   314
